 Dungeon Crawl Stone Soup version 0.24-a0-520-g8fd06ad (webtiles) character file.

Game seed: 45011857546061867

352 silentkaos13 the Magician (level 6, -1/32 HPs)
             Began as a Deep Elf Earth Elementalist on July 26, 2019.
             Slain by an orc priest
             ... wielding a +0 flail
              (3 damage)
             ... on level 4 of the Dungeon.
             The game lasted 00:10:52 (2668 turns).

silentkaos13 the Magician (DEEE)                    Turns: 2668, Time: 00:10:52

Health: -1/32      AC:  3    Str:  5    XL:     6   Next: 34%
Magic:  1/16       EV: 13    Int: 26    God:
Gold:   125        SH:  0    Dex: 15    Spells: 3/16 levels left

rFire    . . .     SeeInvis .   l - +3 spear (flame)
rCold    . . .     Gourm    .   (no shield)
rNeg     . . .     Faith    .   c - +0 robe
rPois    +         Spirit   .   m - +0 helmet
rElec    .         Reflect  .   (no cloak)
rCorr    .         Harm     .   (no gloves)
MR       .....                  (no boots)
Stlth    ++........             (no amulet)
HPRegen  0.10/turn              f - ring of poison resistance
MPRegen  0.15/turn              q - +4 ring of intelligence

@: no status effects
A: no striking features
a: no special abilities


You were on level 4 of the Dungeon.
You were not hungry.

You visited 1 branch of the dungeon, and saw 4 of its levels.

You collected 125 gold pieces.

Inventory:

Hand Weapons
 l - a +3 spear of flaming (weapon)
 v - a +2 long sword of protection
Missiles
 b - 103 stones (quivered)
Armour
 c - a +0 robe (worn)
 m - a +0 helmet (worn)
 t - a +2 hat
Jewellery
 f - a ring of poison resistance (left hand)
 n - an uncursed ring of protection from cold {unknown}
 q - a +4 ring of intelligence (right hand)
Wands
 k - a wand of digging (5)
Scrolls
 a - 2 scrolls of amnesia {unknown}
 e - 2 scrolls of remove curse {unknown}
 g - a scroll of enchant armour {unknown}
 o - a scroll of enchant weapon {unknown}
 p - 2 scrolls of immolation {unknown}
 r - a scroll of noise {unknown}
Potions
 h - 2 potions of curing {unknown}
 i - 3 potions of lignification {unknown}
 j - a potion of berserk rage {unknown}
 s - a potion of heal wounds {unknown}
 u - a potion of haste {unknown}
Comestibles
 d - 6 rations


   Skills:
 + Level 0.3 Fighting
 + Level 0.6 Polearms
 + Level 3.2 Dodging
 + Level 3.6 Stealth
 + Level 5.9 Spellcasting
 + Level 0.4 Conjurations
 + Level 1.1 Transmutations
 + Level 5.4 Earth Magic


You had 3 spell levels left.
You knew the following spells:

 Your Spells              Type           Power        Failure   Level  Hunger
a - Sandblast             Erth           #####.       1%          1    None
b - Stone Arrow           Conj/Erth      ###...       6%          3    None
c - Petrify               Tmut/Erth      ###.....     19%         4    ###....
d - Lee's Rapid Deconstr  Erth           #####.....   21%         5    #####..

Your spell library contained the following spells:

 Spells                   Type           Power        Failure   Level  Hunger
 Passwall                 Tmut/Erth      ###.....     2%          2    None


Dungeon Overview and Level Annotations

Branches:
Dungeon (4/15)
 Temple: D:4-7

Altars:
Trog

Shops:
D:4 *


Message History

Casting: Stone Arrow (safe; 6% risk of failure)
Confirm with . or Enter, or press ? or * to list all spells.
Aiming: Stone Arrow (safe; 6% risk of failure)
Press: ? - help, Shift-Dir - straight line, f - orc priest, p - orc
Aim: an orc priest, wielding a +0 flail and wearing a +0 leather armour The stone arrow hits the orc priest.
The orc priest is moderately wounded.
The orc priest hits you with a +0 flail.
The orc hits you.
Casting: Stone Arrow (safe; 6% risk of failure)
Confirm with . or Enter, or press ? or * to list all spells.
Aiming: Stone Arrow (safe; 6% risk of failure)
Press: ? - help, Shift-Dir - straight line, p - orc priest The orc priest hits you with a +0 flail!
* * * LOW HITPOINT WARNING * * *
The orc hits you but does no damage.
You hit the orc priest but do no damage.
The orc priest is moderately wounded.
The orc priest hits you with a +0 flail.
You die...

................#
..........†...## .
...#...........# .# #
##..........#..#
#.......∩....###
#..............#
#.........#....#
#oo.>.....# ....
##########@........# .#.
###........#.............#
#..........#.#.....##....#
#............####.[# ....#
#...........## ..## .....
#..[.....<..# .## ...#
#..........#...). ..$
#..............##
###......†..#.##


You could see an orc priest and an orc.

Vanquished Creatures
  Sigmund (D:2)
  A hound (D:4)
  An orc wizard (D:3)
  Robin (D:2)
  A gnoll (D:1)
  2 adders
  2 oozes
  A worm (D:3)
  2 dart slugs (D:2)
  A leopard gecko (D:4)
  3 orcs
  2 giant cockroaches (D:3)
  16 goblins
  12 hobgoblins
  5 jackals
  A quokka (D:2)
  10 bats
  5 frilled lizards
  2 kobolds
  7 rats
76 creatures vanquished.

Notes
Turn   | Place    | Note
-------+----------+-------------------------------------------
     0 | D:1      | silentkaos13 the Deep Elf Earth Elementalist began the
                  | quest for the Orb.
     0 | D:1      | Reached XP level 1. HP: 10/10 MP: 6/6
   150 | D:1      | Reached XP level 2. HP: 15/15 MP: 1/8
   581 | D:2      | Noticed Sigmund
   588 | D:2      | Reached XP level 3. HP: 19/19 MP: 7/10
   593 | D:2      | Killed Sigmund
   593 | D:2      | Reached skill level 5 in Spellcasting
   593 | D:2      | Reached skill level 5 in Earth Magic
   593 | D:2      | Reached XP level 4. HP: 24/24 MP: 2/13
   593 | D:2      | Reached XP level 5. HP: 28/28 MP: 2/14
   597 | D:2      | Noticed Robin
   692 | D:2      | Learned a level 3 spell: Stone Arrow
   697 | D:2      | Learned a level 4 spell: Petrify
  1066 | D:2      | Killed Robin
  1692 | D:2      | Learned a level 5 spell: Lee's Rapid Deconstruction
  2008 | D:3      | Found a bloodstained altar of Trog.
  2015 | D:3      | Reached XP level 6. HP: 25/32 MP: 6/16
  2627 | D:4      | Found Donor's General Store.
  2668 | D:4      | Slain by an orc priest

Levels and vault maps discovered:
D:1:      wander_arrival_peaceful_grave, layout_rooms,
          hangedman_abyss_or_decor_stabs
D:2:      layout_basic, minmay_misc_feat_encased, uniq_robin, uniq_sigmund
D:3:      layout_loops_ring, first_ration, trog_three_pillars_becter
D:4:      layout_rooms, serial_shops, shop, trog_wizard

Skill      XL: |  1  2  3 |
---------------+----------+-----
Earth Magic    | 4 5 |  5.4
Dodging        | 3 |  3.2
Stealth        | 3 |  3.6
Spellcasting   | 5 |  5.9
Fighting       | |  0.3
Polearms       | |  0.6
Conjurations   | |  0.4
Transmutations | |  1.1

Action                   |  1- 3 |  4- 6 || total
-------------------------+-------+-------++-------
Melee: Spear             |       |    89 ||    89
       Unarmed           |       |    11 ||    11
 Cast: Sandblast         |    25 |     8 ||    33
       Stone Arrow       |       |    31 ||    31
  Use: Scroll            |       |     3 ||     3
 Stab: Sleeping          |       |     8 ||     8
       Distracted        |       |     1 ||     1
  Eat: Chunk             |       |     6 ||     6
Armor: Robe              |     1 |    20 ||    21
Dodge: Dodged            |     8 |    98 ||   106

Table legend:
 A = Non-vault XP
 B = Vault XP
 C = Vault XP percentage of total XP
 D = Non-vault monster count
 E = Vault monster count
 F = Vault count percentage of total count
                 A         B        C        D         E       F
            +---------+---------+-------+---------+---------+-------
      Total |     237 |     266 |  52.9 |      64 |      12 |  15.8
            +---------+---------+-------+---------+---------+-------
        D:1 |      37 |       0 |   0.0 |      13 |       0 |   0.0
        D:2 |      64 |     266 |  80.6 |      27 |      12 |  30.8
        D:3 |      75 |       0 |   0.0 |      19 |       0 |   0.0
        D:4 |      61 |       0 |   0.0 |       5 |       0 |   0.0
            +---------+---------+-------+---------+---------+-------
